 Crawl Stoat Soup version 0.23-s1-142-g448f6f51fd (console) character file.

87 ceb the Skirmisher (level 4, -1/37 HPs)
             Began as a Demonspawn Chaos Knight on Sept 26, 2021.
             Was a Plaything of Xom.
             Slain by Sigmund
             ... wielding a +1 scythe of freezing
              (5 damage)
             ... on level 3 of the Dungeon.
             The game lasted 00:04:07 (2436 turns).

ceb the Skirmisher (Demonspawn Chaos Knight)        Turns: 2436, Time: 00:04:08

Health: -1/37      AC: 12    Str: 13    XL:     4   Next: 28%
Magic:  4/4        EV: 11    Int: 13    God:    Xom [....*.]
Gold:   99         SH:  0    Dex: 13    Spells: 3/3 levels left

rFire    . . .     SeeInvis .   k - +2 mace (protect)
rCold    . . .     Gourm    .   (no shield)
rNeg     . . .     Faith    .   b - +2 leather armour
rPois    .         Spirit   .   (no helmet)
rElec    .         Warding  .   (no cloak)
rCorr    .         Reflect  .   (no gloves)
MR       .....     Harm     .   (no boots)
Stlth    ++........             (no amulet)
HPRegen  0.12/turn              (no ring)
MPRegen  0.09/turn              (no ring)

@: protection aura
A: hooves 2, nightstalker 1
a: Renounce Religion


You were on level 3 of the Dungeon.
You worshipped Xom.
You were a beloved toy of Xom.
You were not hungry.

You visited 1 branch of the dungeon, and saw 3 of its levels.

You collected 99 gold pieces.

Inventory:

Hand Weapons
 a - a +0 hand axe of chaos
 k - a +2 mace of protection (weapon)
Missiles
 l - 6 javelins (quivered)
Armour
 b - a +2 leather armour (worn)
Scrolls
 d - 3 scrolls of remove curse {unknown}
 e - 3 scrolls of blinking {unknown}
 g - a scroll of noise {unknown}
 h - a scroll of enchant armour {unknown}
 m - 3 scrolls of identify {unknown}
 o - 2 scrolls of teleportation {unknown}
 p - a scroll of immolation {unknown}
Potions
 j - a potion of curing
 n - a potion of heal wounds {unknown}
 q - a potion of lignification {unknown}
 s - a potion of brilliance {unknown}
Comestibles
 c - 5 bread rations
 f - 3 fruits
 i - a meat ration
 r - 3 chunks of flesh


   Skills:
 + Level 3.8 Fighting
 + Level 3.4 Axes
 + Level 2.7 Armour
 - Level 0.8 Dodging


You had 3 spell levels left.
You didn't know any spells.
Your spell library was empty.

Dungeon Overview and Level Annotations

Branches:
Dungeon (3/15)

Altars:
Altars to gods listed above are guaranteed either in the Temple or between levels 2 and 9 of the Dungeon.

Annotations:
D:3 Sigmund


Innate Abilities, Weirdness & Mutations

You have hoof-like feet.
You are slightly more attuned to the shadows.


Message History

You hit Sigmund.
Sigmund is moderately wounded. "See what I see, my child!"
You detect creatures!
You are now a beloved toy of Xom.
Sigmund barely misses you.
It was a potion of curing.
You feel better.
Sigmund screams, "Die, monster!"
Sigmund misses you.
You completely miss Sigmund. You kick Sigmund, but do no damage.
Sigmund is moderately wounded.
Sigmund gestures wildly while chanting.
Sigmund flickers and vanishes!
Deactivating autopickup; reactivate with Ctrl-A.
Something hits you!
* * * LOW HITPOINT WARNING * * *
Something freezes you.
* * * LOW HITPOINT WARNING * * *
You closely miss something. Something hits you.
You die...

##...###...#####b###.#
#.# #... ##..## #..##
#.b@{...# #.# #...
.....###.## #.#.##b.#
#.# #... #.....##.#
#.#.b..b# #.# #...
##...###.#
#..##b..#####.###...
##...# #.#
#.##.##.............
##.#.#
#...###.###.......).
##)#.# ........#
#.#######. ...#.#
######.#.# #.# #.
####.# .......... #.
#.# #.########.. ##
#.##### # #..#
#.....##.# #####.##.#
### #.##.# ..# ..#
#.##.# ##.####### #.#
#.##.# ###.##
#.........


There were no monsters in sight!

Vanquished Creatures
  A gnoll (D:2)
  3 adders
  A worm (D:3)
  A dart slug (D:1)
  A leopard gecko (D:3)
  A giant cockroach (D:1)
  6 goblins
  6 hobgoblins
  4 jackals (D:3)
  7 kobolds
  4 bats
  4 frilled lizards
  6 rats
45 creatures vanquished.

Notes
Turn   | Place    | Note
-------+----------+-------------------------------------------
     0 | D:1      | ceb the Demonspawn Chaos Knight began the quest for the
                  | Orb.
     0 | D:1      | Reached XP level 1. HP: 18/18 MP: 1/1
    58 | D:1      | XOM: divination: detect creatures
   242 | D:1      | Gained mutation: You are slightly more attuned to the
                  | shadows. [demonic ancestry]
   242 | D:1      | Reached XP level 2. HP: 24/24 MP: 2/2
   483 | D:1      | XOM: cloud trail
   804 | D:1      | Gained mutation: You have large cloven feet. [demonic
                  | ancestry]
   804 | D:1      | Reached XP level 3. HP: 22/29 MP: 3/3
  1180 | D:2      | XOM: divination: detect creatures
  1445 | D:2      | XOM: harmless Hex miscast
  1511 | D:2      | XOM: mild Pois miscast
  1963 | D:3      | Gained mutation: You have hoof-like feet. [demonic
                  | ancestry]
  1963 | D:3      | Reached XP level 4. HP: 35/37 MP: 4/4
  2354 | D:3      | XOM: cast spell 'Call Canine Familiar'
  2425 | D:3      | Noticed Sigmund
  2429 | D:3      | XOM: butterfly on damage
  2433 | D:3      | XOM: divination: detect creatures
  2436 | D:3      | Slain by Sigmund

Vault maps used:
D:1:      minmay_arrival_loop, hex_intersection, minmay_tetromino_i4
D:2:      fountainhead
D:3:      first_bread, minmay_misc_feat_square, uniq_sigmund

Skill      XL: |  1  2 |
---------------+-------+-----
Armour         | 2 |  2.7
Axes           | 3 |  3.4
Fighting       | |  3.8
Dodging        | |  0.8

Action                   |  1- 3 |  4- 6 || total
-------------------------+-------+-------++-------
Melee: Hand axe          |    87 |       ||    87
       Mace              |    24 |    23 ||    47
       Kick              |     4 |     5 ||     9
Throw: Javelin           |     1 |       ||     1
  Use: Potion            |       |     1 ||     1
 Stab: Sleeping          |     3 |     1 ||     4
  Eat: Chunk             |     3 |     2 ||     5
Armor: Leather armour    |    44 |     8 ||    52
Dodge: Dodged            |    81 |    15 ||    96

Table legend:
 A = Spawn XP
 B = Non-spawn XP
 C = Spawn XP percentage of total XP
 D = Spawn monster count
 E = Non-spawn monster count
 F = Spawn count percentage of total count
 G = Total turns spent on level
                    A         B        C        D         E        F      G
               +---------+---------+-------+---------+---------+-------+---------
         Total |      23 |     102 |  18.4 |       7 |      38 |  15.6 |  2436
               +---------+---------+-------+---------+---------+-------+---------
           D:1 |       9 |      32 |  22.0 |       6 |      19 |  24.0 |   893
           D:2 |      14 |      36 |  28.0 |       1 |       9 |  10.0 |  1021
           D:3 |       0 |      34 |   0.0 |       0 |      10 |   0.0 |   522
               +---------+---------+-------+---------+---------+-------+---------
